 Dungeon Crawl Stone Soup version 0.23.2-1-ga50397a (webtiles) character file.

Game seed: 18144566584945991901

1615 flogoulette the Magician (level 8, -2/60 HPs)
             Began as a Mummy Fire Elementalist on May 22, 2019.
             Was an Initiate of Vehumet.
             Slain by a killer bee (6 damage)
             ... on level 6 of the Dungeon.
             The game lasted 00:25:05 (6926 turns).

flogoulette the Magician (Mummy Fire Elementalist)  Turns: 6926, Time: 00:25:06

Health: -2/60      AC:  5    Str:  8    XL:     8   Next: 64%
Magic:  5/16       EV: 12    Int: 17    God:    Vehumet [......]
Gold:   464        SH:  0    Dex: 14    Spells: 8/17 levels left

rFire    x . .     SeeInvis +   p - +11 spear of the Evil Eye {venom, MR++ Str-3 Dex+2 SInv}
rCold    + . .     Gourm    .   (no shield)
rNeg     + + +     Faith    .   a - +0 robe
rPois    ∞         Spirit   .   g - +1 helmet
rElec    .         Reflect  .   r - scarf {repulsion}
rCorr    .         Harm     .   (no gloves)
MR       +++..                  b - +0 pair of boots
Stlth    ++........             (no amulet)
HPRegen  0.20/turn              i - ring of flight
MPRegen  0.15/turn              (no ring)

@: repel missiles
A: no food or potions, fire vulnerability, cold resistance 1, negative energy
resistance 3, torment resistance, unbreathing
a: Renounce Religion, Evoke Flight


You were on level 6 of the Dungeon.
You worshipped Vehumet.
Vehumet was noncommittal.
You were not hungry.

You visited 2 branches of the dungeon, and saw 8 of its levels.

You collected 464 gold pieces.

Inventory:

Hand Weapons
 p - the +11 spear of the Evil Eye (weapon) {venom, MR++ Str-3 Dex+2 SInv}
   (You found it on level 5 of the Dungeon)

   It poisons the flesh of those it strikes.
   It affects your strength (-3).
   It affects your dexterity (+2).
   It affects your resistance to hostile enchantments.
   It lets you see invisible.
Missiles
 l - 7 tomahawks (quivered)
Armour
 a - a +0 robe (worn)
 b - a +0 pair of boots (worn)
 g - a +1 helmet (worn)
 r - a scarf of repulsion (worn)
Jewellery
 i - a ring of flight (left hand)
 q - an uncursed ring of protection from magic {unknown}
Scrolls
 c - 2 scrolls of remove curse
 d - a scroll of blinking {unknown}
 e - 3 scrolls of teleportation
 f - 2 scrolls of identify
 h - 3 scrolls of magic mapping
 j - a scroll of fear {unknown}
 k - 3 scrolls of enchant armour
 m - a scroll of random uselessness {unknown}
 n - a scroll of noise {unknown}
 o - a scroll of immolation {unknown}


   Skills:
 + Level 3.9 Fighting
 + Level 2.6 Armour
 - Level 2.0 Dodging
 - Level 1.5 Stealth
 + Level 5.4 Spellcasting
 * Level 4.5 Conjurations
 * Level 5.2 Fire Magic
 + Level 1.4 Air Magic
 + Level 1.5 Poison Magic


You had 8 spell levels left.
You knew the following spells:

 Your Spells              Type           Power        Failure   Level  Hunger
a - Flame Tongue          Conj/Fire      ###..        1%          1    N/A
e - Throw Flame           Conj/Fire      ###...       2%          2    N/A
g - Mephitic Cloud        Conj/Pois/Air  ##......     14%         3    N/A
r - Conjure Flame         Conj/Fire      ###.....     5%          3    N/A

Your spell library contained the following spells:

 Spells                   Type           Power        Failure   Level  Hunger
 Sting                    Conj/Pois      ###.         3%          1    N/A
 Poisonous Vapours        Pois/Air       #.....       11%         2    N/A
 Corona                   Hex            #......      14%         1    N/A
 Inner Flame              Hex/Fire       ##......     14%         3    N/A
 Dazzling Spray           Conj/Hex       ##....       16%         3    N/A
 Sticky Flame             Conj/Fire      ###.....     19%         4    N/A
 Ensorcelled Hibernation  Hex/Ice        #.....       21%         2    N/A
 Confuse                  Hex            #.......     38%         3    N/A
 Tukima's Dance           Hex            #.......     38%         3    N/A
 Fireball                 Conj/Fire      ###.......   45%         5    N/A
 Olgreb's Toxic Radiance  Pois           #.......     58%         4    N/A
 Venom Bolt               Conj/Pois      ###.......   71%         5    N/A

Dungeon Overview and Level Annotations

Branches:
Dungeon (7/15)             Temple (1/1) D:5

Altars:
Ashenzari
Cheibriados
Dithmenos
Elyvilon
Kikubaaqudgha
Makhleb
Nemelex Xobeh
Qazlal
Uskayaw
Vehumet
Wu Jian
Xom
The Shining One


Innate Abilities, Weirdness & Mutations

You do not eat or drink.
Your flesh is vulnerable to fire.
You are immune to poison.
Your flesh is cold resistant. (rC+)
You are immune to negative energy. (rN+++)
You are immune to unholy pain and torment.
You can survive without breathing.


Message History

Unknown command.
Casting: Flame Tongue (safe; 1% risk of failure)
Confirm with . or Enter, or press ? or * to list all spells.
Aiming: Flame Tongue (safe; 1% risk of failure)
Press: ? - help, Shift-Dir - straight line, f/p - killer bee
Aim: a killer bee (almost dead)
The flame tongue misses the killer bee.
The killer bee barely misses you. The killer bee closely misses you.
The killer bee barely misses you. x2
Unknown command.
Casting: Flame Tongue (safe; 1% risk of failure)
Confirm with . or Enter, or press ? or * to list all spells.
Aiming: Flame Tongue (safe; 1% risk of failure)
Press: ? - help, Shift-Dir - straight line, f/p - killer bee
Aim: a killer bee (almost dead)
The flame tongue hits the killer bee.
The killer bee is almost dead.
The killer bee misses you. The killer bee stings you.
* * * LOW HITPOINT WARNING * * *
The killer bee stings you.
You die...

#.# #..............# #≈.8♣♣ #.#
#...###.##.###.# #≈....
#.###...###.##.# #.# ##.≈≈≈≈
#.#......##.##.# #.# ##'#####
#.#......##).#.###.#####..##.#
#.#......#............##.###.#
#.#......#...................#
#.#......#....y.......#########
#.#......#....@................
#.'......'.....y...............
###......#.......)....####.....
########............# #.....
#...............# #...(.
#.....########### #.....
#.....# #..... #.....# #.....
#.....######### #.....


You could see 2 killer bees.

Vanquished Creatures
  Grinder (D:3)
  2 orc warriors
  2 sky beasts
  A necrophage (D:6)
  A centaur (D:6)
  2 bullfrogs (D:6)
  A killer bee (D:6)
  A howler monkey (D:6)
  A crimson imp (D:5)
  A centaur zombie (D:6)
  2 orc priests (D:6)
  3 hounds (D:6)
  An iguana (D:6)
  2 worker ants
  3 orc wizards (D:6)
  A mummy (D:7)
  A hound skeleton (D:2)
  Robin (D:1)
  7 gnolls
  9 adders
  A shadow imp (D:5)
  3 worms
  A dart slug (D:2)
  2 leopard geckos
  5 orcs
  10 bats
  7 giant cockroaches
  18 goblins
  7 hobgoblins
  8 jackals
  5 quokkas
  5 frilled lizards
  9 kobolds
  A quokka skeleton (D:4)
  6 rats
131 creatures vanquished.

Notes
Turn   | Place    | Note
-------+----------+-------------------------------------------
     0 | D:1      | flogoulette the Mummy Fire Elementalist began the quest for
                  | the Orb.
     0 | D:1      | Reached XP level 1. HP: 13/13 MP: 4/4
    56 | D:1      | Reached skill level 1 in Conjurations
   227 | D:1      | Reached XP level 2. HP: 19/19 MP: 0/5
  1115 | D:2      | Reached XP level 3. HP: 25/25 MP: 1/7
  1316 | D:2      | Reached skill level 1 in Fighting
  1402 | D:2      | Noticed Robin
  1947 | D:1      | Killed Robin
  1947 | D:1      | Reached XP level 4. HP: 18/32 MP: 0/8
  2100 | D:2      | Learned a level 2 spell: Throw Flame
  2104 | D:2      | Learned a level 3 spell: Conjure Flame
  2920 | D:2      | Reached XP level 5. HP: 27/37 MP: 3/10
  3365 | D:3      | Noticed Grinder
  3389 | D:3      | Paralysed by Grinder for 3 turns
  3399 | D:3      | Killed Grinder
  3399 | D:3      | Reached skill level 1 in Armour
  3399 | D:3      | Reached XP level 6. HP: 5/45 MP: 0/12
  3817 | D:4      | Found a hide-covered altar of Uskayaw.
  4031 | D:4      | Noticed a sky beast
  4054 | D:4      | Killed a sky beast
  4054 | D:4      | Reached XP level 7. HP: 51/51 MP: 0/13
  4461 | D:5      | Entered Level 5 of the Dungeon
  4816 | D:5      | Got a brightly glowing spear
  4817 | D:5      | Identified the +11 spear of the Evil Eye {venom, MR++ Str-3
                  | Dex+2 SInv} (You found it on level 5 of the Dungeon)
  5008 | D:5      | Found an ornate altar of the Wu Jian Council.
  5100 | D:5      | Found a staircase to the Ecumenical Temple.
  5113 | Temple   | Entered the Ecumenical Temple
  5125 | Temple   | Became a worshipper of Vehumet
  5389 | D:6      | Learned a level 3 spell: Mephitic Cloud
  5918 | D:6      | Reached XP level 8. HP: 57/58 MP: 13/15
  5990 | D:6      | Reached skill level 5 in Spellcasting
  5990 | D:6      | Reached skill level 1 in Poison Magic
  6141 | D:6      | Reached skill level 1 in Air Magic
  6223 | D:6      | Reached skill level 5 in Fire Magic
  6460 | D:6      | Found a shadowy altar of Dithmenos.
  6880 | D:7      | Found a snail-covered altar of Cheibriados.
  6926 | D:6      | Slain by a killer bee

Skill      XL: |  1  2  3  4  5  6  7  8 |
---------------+-------------------------+-----
Conjurations   | 1 2 3 4 |  4.5
Spellcasting   | 3 4 5 |  5.4
Fighting       | 1 2 3 |  3.9
Dodging        | 2 |  2.0
Fire Magic     | 3 4 5 |  5.2
Armour         | 1 2 |  2.6
Poison Magic   | 1 |  1.5
Air Magic      | 1 |  1.4
Stealth        | |  1.5

Action                   |  1- 3 |  4- 6 |  7- 9 || total
-------------------------+-------+-------+-------++-------
Melee: Unarmed           |     1 |       |       ||     1
       Short sword       |    61 |    78 |    30 ||   169
       Spear             |       |       |    29 ||    29
Throw: Tomahawk          |       |     2 |     7 ||     9
 Cast: Flame Tongue      |    64 |    61 |    83 ||   208
       Throw Flame       |       |    19 |    31 ||    50
       Conjure Flame     |       |     2 |     5 ||     7
  Use: Scroll            |       |       |     5 ||     5
 Stab: Sleeping          |       |     1 |     3 ||     4
Armor: Robe              |    34 |    31 |    26 ||    91
Dodge: Dodged            |    79 |    77 |    61 ||   217
